 Dungeon Crawl Stone Soup version 0.29.1-12-g30fa7ad0bf (webtiles) character file.

Game seed: 11512759387079545724

100 mortz the Trooper (level 4, 0/41 HPs)
             Began as a Hill Orc Abyssal Knight on Dec 17, 2022.
             Was a Priest of Lugonu.
             Slain by an ice beast (2 damage)
             ... on level 4 of the Dungeon.
             The game lasted 00:11:42 (2909 turns).

mortz the Trooper (Hill Orc Abyssal Knight)         Turns: 2909, Time: 00:11:43

Health: 0/41       AC:  8    Str: 17    XL:     4   Next: 73%
Magic:  0/7        EV:  9    Int: 10    God:    Lugonu [***...]
Gold:   146        SH:  0    Dex: 17    Spells: 3/3 levels left

rFire   . . .      SeeInvis +   a - +1 hand axe
rCold   . . .      Faith    .   (no shield)
rNeg    . . .      Spirit   +   x - +0 scale mail
rPois   .          Reflect  .   z - +0 helmet
rElec   .          Harm     .   (no cloak)
rCorr   .          Rampage  .   m - +0 pair of gloves
Will    .....                   (no boots)
Stlth   ..........              s - amulet of guardian spirit
HPRegen 0.13/turn               j - +6 ring of dexterity
MPRegen 0.10/turn               r - ring of see invisible

@: no status effects
A: no striking features
a: Renounce Religion, Depart the Abyss, Bend Space, Banish


You were on level 4 of the Dungeon.
You worshipped Lugonu.
Lugonu was most pleased with you.
You visited 1 branch of the dungeon, and saw 4 of its levels.
You visited the Abyss 1 time.

You collected 146 gold pieces.

Inventory:

Hand Weapons
 a - a +1 hand axe (weapon)
 k - a +0 hand axe
 n - a +0 mace
 p - a +0 short sword
 w - a +2 dagger of electrocution
Missiles
 g - 24 stones
 u - a poisoned dart (quivered)
Armour
 b - a +0 leather armour
 c - a +0 ring mail
 m - a +0 pair of gloves (worn)
 x - a +0 scale mail (worn)
 z - a +0 helmet (worn)
Magical Staves
 f - a staff of cold
Jewellery
 j - a +6 ring of dexterity (left hand)
 o - a ring of fire
 r - a ring of see invisible (right hand)
 s - an amulet of guardian spirit (around neck)
Scrolls
 d - a scroll of amnesia {unknown}
 h - 2 scrolls of teleportation
 i - a scroll of poison
 t - a scroll of enchant weapon {unknown}
 y - a scroll of fog {unknown}
Potions
 e - 3 potions of berserk rage {unknown}
 l - a potion of curing {unknown}
 q - a potion of lignification {unknown}
 v - a potion of heal wounds {unknown}


   Skills:
 + Level 4.7 Fighting
 + Level 4.2 Axes
 - Level 2.2 Armour
 - Level 0.8 Dodging
 + Level 4.1 Invocations


You had 3 spell levels left.
You didn't know any spells.
Your spell library contained the following spells:

 Spells                   Type           Power      Damage    Failure   Level
 Conjure Flame            Conj/Fire      0%         6-21      98%         3
 Ignite Poison            Fire/Tmut/Pois 0%         N/A       98%         3
 Sticky Flame             Conj/Fire      0%         2d3       100%        4


Dungeon Overview and Level Annotations

Branches:
Dungeon (4/15) Zot: 21067
 Temple: D:4-7

Altars:
Ashenzari
Yredelemnul

Annotations:
D:4 3 runed translucent doors, sanboga's ghost, amateur DsBe


Message History

The ice beast hits you. The ice beast freezes you!
You hit the ice beast.
The ice beast is moderately wounded.
The ice beast closely misses you.
You barely miss the ice beast.
The ice beast is moderately wounded.
You slash the ice beast!
The ice beast is heavily wounded.
You completely miss the ice beast.
The ice beast is heavily wounded.
The ice beast looks more healthy.
The ice beast hits you. The ice beast freezes you!
You hit the ice beast.
The ice beast is severely wounded.
The ice beast hits you. The ice beast freezes you.
* * * LOW HITPOINT WARNING * * *
You hit the ice beast.
The ice beast is almost dead.
You closely miss the ice beast.
The ice beast is almost dead.
Space bends violently around you!
You blink.
Space bends violently around you!
You blink.
Found a sling and 13 gold pieces.
Sanboga's ghost assumes a wrestling stance.
A giant cockroach comes into view.
Items here: ))) [ †.
The ice beast attacks as you move away! The ice beast hits you.
* * * LOW HITPOINT WARNING * * *
The ice beast freezes you!
* * * LOW HITPOINT WARNING * * *
Items here: )) ††.
You don't know any spells.
Space bends violently around you!
You blink.
The giant cockroach blinks!
You don't have enough magic at the moment.
You barely miss the ice beast.
The ice beast is almost dead.
You completely miss the ice beast.
The ice beast is almost dead.
The ice beast hits you.
You die...

#.....................
######..#########..#..
#...#....... ..#..
#...#..###..# .#
#...+..###..#
##########...+.....)
#.......##...+S.###$
#......)###B.#Wo###.
#....<.†)))Y@#gS....
#......)###..#######
#.......†<..........
##########..........
#.....#........
#.#####......#.
..###....###..#
...............
###.###.####...


You could see an ice beast, sanboga's ghost, an adder, an orc, a giant
cockroach, a hobgoblin and a ball python.

Vanquished Creatures
  Robin (D:4)
  3 adders
  A dart slug (D:2)
  An orc (D:3)
  3 endoplasms
  5 giant cockroaches
  12 goblins
  7 hobgoblins
  5 kobolds
  4 quokkas
  5 ball pythons
  4 bats
  2 frilled lizards
  A rat (D:1)
54 creatures vanquished.

Notes
Turn   | Place    | Note
-------+----------+-------------------------------------------
     0 | Abyss:1  | mortz the Hill Orc Abyssal Knight began the quest for the
                  | Orb.
     0 | Abyss:1  | Reached XP level 1. HP: 19/19 MP: 2/2
     1 | D:1      | Escaped the Abyss
   678 | D:1      | Reached XP level 2. HP: 26/27 MP: 4/4
   980 | D:1      | Found a faded altar of an unknown god.
  1205 | D:1      | You fall into a shaft and drop 1 floor!
  1345 | D:2      | Reached XP level 3. HP: 33/33 MP: 5/5
  2321 | D:3      | Found a broken altar of Ashenzari.
  2464 | D:3      | Reached XP level 4. HP: 40/41 MP: 6/6
  2585 | D:3      | Found a basalt altar of Yredelemnul.
  2604 | D:3      | Reached *** piety under Lugonu
  2779 | D:4      | Found a runed translucent gate.
  2782 | D:4      | Noticed sanboga's ghost (amateur DsBe)
  2783 | D:4      | Found a runed translucent gate.
  2783 | D:4      | Found a runed translucent gate.
  2793 | D:4      | Noticed Robin
  2820 | D:4      | Killed Robin
  2871 | D:4      | Noticed an ice beast
  2909 | D:4      | Slain by an ice beast

Illustrated notes

Levels and vault maps discovered:
D:1:      mrwooster_arrival_arrow, layout_loops_ring,
          hellmonk_ecumenical_altar_prayer_group, corner_web_ring
D:2:      layout_basic
D:3:      layout_basic, nicolae_overflow_crystal_walls,
          mainiacjoe_overflow_small_starburst
D:4:      layout_rooms, gammafunk_ghost_split, uniq_robin, uniq_sigmund

Skill      XL: |  1  2  3  4 |
---------------+-------------+-----
Axes           | 3 4 |  4.2
Invocations    | 3 4 |  4.1
Fighting       | 4 |  4.7
Armour         | |  2.2
Dodging        | |  0.8

Action                   |  1- 3 |  4- 6 || total
-------------------------+-------+-------++-------
Melee: Hand axe          |   121 |    62 ||   183
       Punch             |       |     1 ||     1
Throw: Stone             |     2 |       ||     2
       Dart              |     7 |     6 ||    13
Invok: Bend Space        |       |     3 ||     3
  Use: Scroll            |     1 |     1 ||     2
Armor: Ring mail         |    48 |     6 ||    54
       Scale mail        |       |    19 ||    19
Dodge: Dodged            |    55 |    22 ||    77
